Map: Acropolis LE

Players

Ratl

  • Race: Protoss Protoss
  • Spawn Location: 11:00

stupidtoss - Winner!

  • Race: Protoss Protoss
  • Spawn Location: 5:00

VOD

Have the link to the VOD?

Description

Time

  • Played on: Nov. 22, 2019, 3:42 p.m.
  • Length: 11:54
Show
View Real Time Build Order
Export as new Build Order

Ratl Protoss 

Build Orders:  

Get SALT Encoding   

  12  0:03  Probe (Chrono Boost)  
  13  0:13  Probe (Chrono Boost)  
  14  0:23  Pylon  
  14  0:27  Probe  
  15  0:41  Probe  
  16  0:49  Gateway  
  16  0:55  Probe  
  17  1:00  Assimilator  
  17  1:07  Probe  
  18  1:12  Forge  
  18  1:17  Pylon  
  18  1:26  Pylon  
  18  1:35  Probe  
  18  1:39  Zealot  
  21  1:48  Probe  
  22  2:00  Probe  
  23  2:06  Zealot  
  25  2:33  Zealot  
  27  2:38  Nexus  
  27  2:43  Cybernetics Core  
  27  2:54  Pylon  
  27  2:57  Probe  
  28  3:01  Zealot  
  30  3:07  Assimilator  
  30  3:09  Probe  
  31  3:16  Protoss Ground Weapons Level 1  
  31  3:20  Warp Gate  
  31  3:21  Probe  
  32  3:28  Twilight Council  
  32  3:33  Probe  
  33  3:45  Probe  
  34  3:49  Assimilator  
  34  3:52  Assimilator  
  34  3:53  Stalker (Chrono Boost)  
  35  4:06  Probe x2 (Chrono Boost)  
  37  4:14  Stalker  
  37  4:16  Probe (Chrono Boost)  
  40  4:20  Probe (Chrono Boost)  
  40  4:21  Shield Battery  
  40  4:22  Shield Battery  
  41  4:27  Shield Battery  
  41  4:31  Probe x2  
  43  4:43  Probe  
  43  4:44  Stalker  
  46  5:06  Probe  
  47  5:14  Stalker  
  47  5:18  Probe  
  50  5:24  Gateway  
  50  5:26  Gateway  
  50  5:28  Gateway  
  50  5:30  Probe  
  50  5:33  Pylon  
  51  5:36  Pylon  
  51  5:43  Probe  
  52  5:55  Probe  
  53  6:08  Adept  
  55  6:27  Probe  
  56  6:39  Probe  
  57  6:51  Probe  
  58  6:54  Nexus  
  58  7:01  Pylon  
  58  7:03  Probe  
  59  7:15  Probe  
  60  7:27  Probe  
  61  7:33  Stalker  
  61  7:34  Stalker x3  
  69  7:39  Probe  
  69  7:41  Protoss Ground Armor Level 1 (Chrono Boost)  
  70  7:51  Probe  
  70  7:53  Forge  
  70  7:55  Gateway  
  71  7:58  Gateway  
  71  8:01  Gateway  
  71  8:07  Stalker  
  71  8:08  Stalker x3  
  79  8:31  Gateway  
  79  8:33  Gateway  
  79  8:40  Protoss Ground Weapons Level 2 (Chrono Boost), Forge  
  79  8:55  Adept x5  
  78  10:35  Probe (Chrono Boost)  
  78  10:40  Adept  
  78  10:41  Adept x6  
  78  10:42  Adept x2  
  96  10:45  Probe (Chrono Boost)  
  97  10:50  Probe (Chrono Boost)  
  97  10:53  Robotics Facility x2  
  98  11:02  Probe  
  85  11:14  Probe  
  70  11:19  Photon Cannon  
  70  11:23  Stalker  
  70  11:24  Stalker x5  
  70  11:25  Stalker x3  
  60  11:31  Stalker x2  
  60  11:32  Stalker  
Show
View Real Time Build Order
Export as new Build Order

stupidtoss Protoss - Winner!

Build Orders: Double Forge 

Get SALT Encoding   

  12  0:01  Probe  
  13  0:13  Probe  
  14  0:20  Pylon  
  14  0:27  Assimilator  
  14  0:30  Probe  
  15  0:40  Gateway  
  15  0:46  Probe  
  16  0:58  Probe  
  17  1:10  Probe  
  18  1:36  Cybernetics Core  
  18  1:47  Nexus  
  18  1:55  Pylon  
  18  2:09  Assimilator  
  18  2:10  Warp Gate (Chrono Boost)  
  18  2:12  Stalker (Chrono Boost)  
  20  2:35  Probe  
  21  2:47  Probe  
  22  2:59  Probe  
  22  3:00  Probe  
  24  3:11  Probe  
  26  3:12  Probe  
  26  3:16  Robotics Facility  
  26  3:20  Gateway  
  26  3:21  Gateway  
  26  3:23  Probe  
  26  3:24  Probe  
  28  3:33  Assimilator  
  28  3:43  Probe x2  
  28  3:45  Pylon  
  30  3:55  Probe  
  31  3:56  Probe  
  32  4:05  Immortal (Chrono Boost)  
  32  4:06  Assimilator  
  36  4:14  Probe  
  36  4:15  Probe  
  38  4:27  Probe x2  
  40  4:32  Pylon  
  40  4:37  Immortal  
  40  4:38  Forge  
  44  4:40  Forge  
  44  4:42  Twilight Council  
  44  4:51  Probe x2  
  46  5:01  Stalker  
  46  5:02  Stalker  
  46  5:03  Probe x2  
  52  5:20  Robotics Bay  
  52  5:26  Pylon  
  52  5:31  Charge (Chrono Boost)  
  52  5:32  Pylon, Gateway  
  52  5:34  Gateway  
  52  5:46  Protoss Ground Weapons Level 1 (Chrono Boost), Protoss Ground Armor Level 1 (Chrono Boost)  
  52  5:57  Probe  
  52  6:00  Stalker  
  52  6:01  Stalker x2  
  59  6:11  Extended Thermal Lance (Chrono Boost)  
  59  6:31  Stalker x2  
  59  6:32  Stalker x3  
  73  6:51  Colossus  
  75  6:57  Blink  
  75  7:10  Nexus  
  75  7:13  Pylon  
  75  7:15  Assimilator  
  75  7:16  Stalker  
  77  7:44  Probe x2  
  77  7:50  Colossus  
  85  7:56  Probe  
  86  8:02  Pylon  
  86  8:04  Protoss Ground Weapons Level 2 (Chrono Boost), Protoss Ground Armor Level 2 (Chrono Boost)  
  86  8:07  Pylon  
  86  8:11  Pylon  
  86  8:21  Probe (Chrono Boost)  
  86  8:22  Pylon  
  86  8:25  Pylon  
  87  8:31  Pylon  
  87  8:41  Colossus (Chrono Boost)  
  93  8:55  Pylon  
  93  9:03  Gateway  
  93  9:06  Stalker x2  
  97  9:17  Stalker  
  97  9:18  Stalker x2  
  103  9:27  Colossus  
  109  9:37  Probe x2  
  111  9:40  Stalker  
  111  9:41  Stalker x4  
  119  9:49  Probe  
  107  10:17  Probe (Chrono Boost)  
  109  10:22  Probe (Chrono Boost)  
  109  10:28  Probe (Chrono Boost)  
  110  10:31  Probe (Chrono Boost)  
  110  10:33  Probe (Chrono Boost)  
  112  10:40  Stalker x3  
  112  10:41  Probe, Stalker x3  
  125  10:43  Probe  
  126  10:53  Probe  
  126  10:55  Probe  
  122  11:05  Probe  
  119  11:11  Stalker  
  119  11:12  Stalker x2  
  119  11:16  Probe  
  119  11:17  Probe  
  119  11:28  Probe  
  119  11:30  Probe  
  127  11:40  Probe  
  127  11:42  Probe  
Tags
 
Matchup
PvP
Spawn Locations
Cross Positions
Add a new tag
Caveats
  • Supply blocks, unpowered buildings, or Contaminate may cause inaccurate times.
  • Supply counts are checked every 10 seconds.